 Dungeon Crawl Stone Soup version 0.29-a0-892-g2c4c91d9db (webtiles) character file.

Game seed: 9628732187934165796

599 BritishOli the Slasher (level 7, -7/55 HPs)
             Began as a Demonspawn Gladiator on July 22, 2022.
             Was a Follower of Okawaru.
             Mangled by an orc warrior
             ... wielding a +0 hand axe
              (14 damage)
             ... on level 8 of the Dungeon.
             The game lasted 00:05:43 (5572 turns).

BritishOli the Slasher (Demonspawn Gladiator)       Turns: 5572, Time: 00:05:43

Health: -7/55      AC:  9    Str: 16    XL:     7   Next: 17%
Magic:  7/7        EV: 11    Int: 10    God:    Okawaru [*.....]
Gold:   236        SH:  0    Dex: 14    Spells: 6/6 levels left

rFire   . . .      SeeInvis .   f - +2 short sword (protect)
rCold   . . .      Faith    .   (no shield)
rNeg    . . .      Spirit   .   v - +0 scale mail
rPois   .          Reflect  .   (no helmet)
rElec   .          Harm     .   (no cloak)
rCorr   .          Rampage  .   w - +0 pair of gloves
Will    .....                   (no boots)
Stlth   ..........              (no amulet)
HPRegen 0.18/turn               (no ring)
MPRegen 0.10/turn               (no ring)

@: no status effects
A: yellow scales 1, spiny 1, weakness stinger 2
a: Renounce Religion, Heroism


You were on level 8 of the Dungeon.
You worshipped Okawaru.
Okawaru was aware of your devotion.
You visited 2 branches of the dungeon, and saw 7 of its levels.
You also visited: Sewer.

You collected 236 gold pieces.

Inventory:

Hand Weapons
 a - a +0 long sword
 f - a +2 short sword of protection (weapon)
Missiles
 d - 3 throwing nets (quivered)
 e - 6 javelins
Armour
 v - a +0 scale mail (worn)
 w - a +0 pair of gloves (worn)
 C - a +0 helmet
Jewellery
 p - a +6 ring of intelligence
 F - a ring of ice
Wands
 b - a wand of mindburst (1)
Scrolls
 g - 2 scrolls of enchant armour {unknown}
 h - a scroll of noise {unknown}
 i - 5 scrolls of teleportation {unknown}
 l - 3 scrolls of fear {unknown}
 m - 6 scrolls of identify {unknown}
 o - a scroll of enchant weapon {unknown}
 q - 3 scrolls of magic mapping {unknown}
 r - 3 scrolls of poison {unknown}
 s - 3 scrolls of summoning {unknown}
 y - a scroll of butterflies {unknown}
 A - a scroll of brand weapon {unknown}
 E - a scroll of amnesia {unknown}
Potions
 c - a potion of resistance {unknown}
 j - a potion of cancellation {unknown}
 k - a potion of degeneration {unknown}
 n - 3 potions of might {unknown}
 t - 2 potions of lignification {unknown}
 u - 2 potions of mutation {unknown}
 x - 2 potions of curing {unknown}
 z - 2 potions of heal wounds {unknown}
 B - a potion of ambrosia {unknown}
 D - a potion of flight {unknown}


   Skills:
 + Level 4.7 Fighting
 + Level 4.8 Long Blades
 - Level 2.0 Throwing
 + Level 4.8 Dodging


You had 6 spell levels left.
You didn't know any spells.
Your spell library contained the following spells:

 Spells                   Type           Power      Damage    Failure   Level
 Magic Dart               Conj           0%         1d3       82%         1
 Mephitic Cloud           Conj/Pois/Air  0%         N/A       99%         3
 Call Imp                 Summ           Unusable   N/A       N/A         2

Dungeon Overview and Level Annotations

Branches:
Dungeon (5/15)             Temple (1/1) D:4           Sewer (visited)

Altars:
Ashenzari
Cheibriados
Dithmenos
Hepliaklqana
Kikubaaqudgha
Nemelex Xobeh
Okawaru
Qazlal
Ru
Trog
Uskayaw
Vehumet
Wu Jian
Xom
Yredelemnul

Shops:
D:2 (


Innate Abilities, Weirdness & Mutations

You are partially covered in yellow scales. (AC +2)
You are partially covered in sharp spines.
You have a tail ending in a sharp stinger.


Message History

You have reached level 7!
Your demonic ancestry asserts itself...
Your tail grows a sharp stinger.
The orc wizard casts a spell at you.
The puff of flame hits you but does no damage.
You see here a black bear corpse.
The orc warrior attacks as you move away!
The orc warrior hits you but does no damage.
The orc warrior closely misses you.
There is an open door here.
The orc warrior attacks as you move away!
The orc warrior hits you with a +0 hand axe!
An orc wizard comes into view. It is wielding a +0 dagger.
The orc wizard gestures wildly while chanting.
The orc wizard flickers and vanishes!
Deactivating autopickup; reactivate with Ctrl-A.
The orc warrior barely misses you.
The orc warrior attacks as you move away!
The orc warrior hits you with a +0 hand axe.
* * * LOW HITPOINT WARNING * * *
There is an open door here.
The orc warrior attacks as you move away!
The orc warrior barely misses you.
The orc warrior attacks as you move away!
The orc warrior is struck by your spines.
The orc warrior closely misses you.
The orc warrior attacks as you move away!
The orc warrior is struck by your spines.
The orc warrior barely misses you.
The orc warrior attacks as you move away!
The orc warrior hits you but does no damage.
The orc warrior attacks as you move away!
The orc warrior is struck by your spines.
The orc warrior hits you with a +0 hand axe.
* * * LOW HITPOINT WARNING * * *
The orc warrior attacks as you move away!
The orc warrior hits you with a +0 hand axe.
* * * LOW HITPOINT WARNING * * *
The orc warrior hits you with a +0 hand axe!
You die...

#.# #... ..#
#.##.#####.#
##o.....##.####
##.##.##.......#
###.###.o.....##.#
.#.## ####.....#.#
..## #.###.#.# o##
#.# #.#.# '##
#.###.#@# ..##
#.....o.# ...##
#####.### ....##
##.# #.# .....#
##.>.##.##
.....'..........
.....### ....#.#
....## )#.#.#
...## #o...


You could see an orc warrior.

Vanquished Creatures
  A black bear (D:8)
  A centaur (D:8)
  A howler monkey (D:8)
  A hound (D:4)
  A jelly (D:4)
  Natasha (thrice) (D:3)
  2 iguanas (D:4)
  A hell rat (Sewer)
  3 gnolls
  5 adders
  A river rat (D:3)
  2 worms
  A dart slug (D:4)
  2 orcs
  17 endoplasms
  4 giant cockroaches
  5 goblins
  10 hobgoblins
  5 jackals (D:1)
  2 quokkas
  6 ball pythons
  4 frilled lizards
  10 kobolds
  19 rats
107 creatures vanquished.

Notes
Turn   | Place    | Note
-------+----------+-------------------------------------------
     0 | D:1      | BritishOli the Demonspawn Gladiator began the quest for the
                  | Orb.
     0 | D:1      | Reached XP level 1. HP: 16/16 MP: 1/1
   428 | D:1      | Gained mutation: You are partially covered in sharp spines.
                  | [demonic ancestry]
   428 | D:1      | Reached XP level 2. HP: 17/22 MP: 2/2
   794 | D:1      | Found a faded altar of an unknown god.
  1247 | D:1      | Reached XP level 3. HP: 26/28 MP: 3/3
  2026 | D:2      | Found a basalt altar of Yredelemnul.
  2032 | D:2      | Found Xiloeso's Weapon Shoppe.
  2039 | D:2      | Gained mutation: You are partially covered in yellow
                  | scales. (AC +2) [demonic ancestry]
  2039 | D:2      | Reached XP level 4. HP: 32/34 MP: 4/4
  2900 | D:3      | Found a hazy altar of Hepliaklqana.
  3008 | D:3      | Found a glowing drain.
  3018 | D:3      | Gained mutation: You have a small tail. [demonic ancestry]
  3018 | D:3      | Reached XP level 5. HP: 35/41 MP: 5/5
  3026 | Sewer    | Entered a sewer
  3264 | D:3      | Noticed Natasha
  3270 | D:3      | Killed Natasha
  3274 | D:3      | Noticed Natasha
  3279 | D:3      | Killed Natasha
  3304 | D:3      | Noticed Natasha
  3313 | D:3      | Killed Natasha
  3689 | D:3      | Found a snail-covered altar of Cheibriados.
  4168 | D:4      | Reached XP level 6. HP: 48/48 MP: 6/6
  4169 | D:4      | Found a staircase to the Ecumenical Temple.
  4204 | Temple   | Entered the Ecumenical Temple
  4363 | Temple   | Became a worshipper of Warmaster Okawaru
  4448 | D:4      | Found a sacrificial altar of Ru.
  5116 | D:5      | Entered Level 5 of the Dungeon
  5147 | D:5      | Found a stormy altar of Qazlal.
  5150 | D:5      | Noticed a water elemental
  5151 | D:5      | Noticed an air elemental
  5151 | D:5      | Noticed a fire elemental
  5161 | D:5      | You fall into a shaft and drop 3 floors!
  5432 | D:8      | Reached * piety under Okawaru
  5484 | D:8      | Noticed an orc warrior
  5535 | D:8      | Gained mutation: You have a tail ending in a sharp stinger.
                  | [demonic ancestry]
  5535 | D:8      | Reached XP level 7. HP: 29/55 MP: 7/7
  5572 | D:8      | Mangled by an orc warrior

Illustrated notes

Levels and vault maps discovered:
D:1:      dpeg_arrival_more_subterranean_lakeside_camping, layout_basic,
          shapermc_ecumenical_altar_mp_urbaneastern, dreamdust_princess_bridge,
          minivault_27
D:2:      layout_rooms, serial_shops, shop, basic_altar,
          kennysheep_generic_room_7
D:3:      layout_loops_ring, nicolae_hepliaklqana_hippocampus, slow_altar_1,
          lightli_sewer_entry_pipes, serial_co_window_serial, co_window_paths_a,
          co_window_corner_a, co_window_paths_a, co_window_paths_b,
          co_window_of_opportunity_a, co_window_paths_a, co_window_paths_b,
          co_window_corner_a, co_window_paths_a, co_window_broadway_c,
          co_window_corner_b, co_window_corner_ca, co_window_of_opportunity_b,
          glass_columns_c, glass_columns_c, glass_columns_a, glass_columns_a,
          glass_columns_a, uniq_natasha
D:4:      layout_loops_ring, overflow_temple_1_default,
          minmay_temple_entry_glassed_door, minmay_fractal_squares_gapless_5
D:5:      layout_loops_ring, fedhas_altar_decomposition,
          nicolae_qazlal_style_of_elements, minivault_4, minivault_25
D:8:      layout_loops_corners, kennysheep_big_empty_room, uniq_prince_ribbit1
Temple:   oiseaux_autumnal_temple

Skill      XL: |  1  2  3  4  5  6 |
---------------+-------------------+-----
Throwing       | 2 |  2.0
Long Blades    | 3 4 |  4.8
Dodging        | 3 4 |  4.8
Fighting       | 3 4 |  4.7

Action                   |  1- 3 |  4- 6 |  7- 9 || total
-------------------------+-------+-------+-------++-------
Melee: Short sword       |   106 |   166 |       ||   272
       Long sword        |    13 |       |       ||    13
       Punch             |     1 |     2 |       ||     3
       Tailslap          |       |    14 |       ||    14
 Stab: Sleeping          |     2 |       |       ||     2
Armor: Leather armour    |    38 |       |       ||    38
       Scale mail        |       |    70 |     3 ||    73
Dodge: Dodged            |    90 |    69 |     5 ||   164

Table legend: (Time is in decaauts)
 A = Elapsed time spent in this place.
 B = Non-inter-level travel time spent in this place.
 C = Inter-level travel time spent in this place.
 D = Time resting spent in this place.
 E = Time spent auto-exploring this place.
 F = Levels seen in this place.
 G = Mean time per level.
                   A        B        C        D        E       F      G
               +--------+--------+--------+--------+--------+-----+--------+
         Total |   5641 |   5470 |    171 |    920 |   3690 |   8 |  705.1 |
       Dungeon |   5179 |   5024 |    155 |    920 |   3300 |   6 |  863.2 |
        Temple |    241 |    226 |     15 |      0 |    213 |   1 |  241.0 |
         Sewer |    220 |    220 |      0 |      0 |    177 |   1 |  220.0 |
               +--------+--------+--------+--------+--------+-----+--------+

Top non-repeatable levels by time:
     D:1: 2048 daAuts
     D:3: 1171 daAuts
     D:4: 796 daAuts
     D:2: 708 daAuts
     D:8: 410 daAuts
  Temple: 241 daAuts
   Sewer: 220 daAuts
     D:5: 44 daAuts
